Unix NetHack Version 5.0.0-0 post-release - last build May 17 2026 04:57:42 (dc50c8380fa5e20985bfe3072449f57b8d9895ef,branch:main).

Game began 2026-05-17 13:03:46, ended 2026-05-19 23:46:15.

Fletchius, chaotic male elven Wizard

       --------          --------------------------------
       |......|          |..............................|
       |.......##########|.-----..-------------|-------.|
       |..<..%|#        #|.|...|..|       |...|..|....|.|
       ------|-#        #|.|...-..+       |...|..|....|.|
             ####       #|.|...|..|------ |...|-----|-..|
               ##       #|.|-----.|%%|..|.|...|..|......|
               #        (|.|....|.|%!|..|.--|--..|.----.|
               ##########|.|._..|.|).||--..{..--|-.|  |.|
                #########|.|....-.--%-.............-..|.|
           -----.-.-    #-.|....|....%.-|--....--|----|.|
           |.......|    #|.|-----......|..|....|...|((|.|
           |..^....|    #|.-.%%|.......|..|....|(((|(.|.|
           |.>.....|    #|.|.%%|.......|..|....|(((|..|.|
           |.......+  ###|.-----.......----.{..-----|--.|
           ---------    #-..@...............@...........|
                        #--------------------------------

Fletchius the Thaumaturge  St:12 Dx:12 Co:12 In:18 Wi:10 Ch:14  Chaotic
Dlvl:8  $:8  HP:36(48) Pw:36(63) AC:6  Xp:7 T:3475 

Latest messages:
 The spell hits the wood nymph!
 You kill the wood nymph!
 You do not owe Ardjawinangun anything.
 There is an open door here.
 There are several objects here.
 The hill orc swings his curved sword.
 The hill orc hits!
 In what direction? n
 The spell hits the hill orc!
 You kill the hill orc!
 You are now more skilled in quarterstaff.
 You hit the hill orc.
 The hill orc hits!
 You hit the hill orc!
 The hill orc hits!
 You kill the hill orc!
 You hit the hill orc!
 You hit the hill orc!
 The hill orc hits!
 You hit the hill orc.
 You kill the hill orc!
 You hear water falling on coins.
 This door is locked.
 Unlock it with your key? [ynq] (q) n
 The door resists!
 The door opens.
 "Hello, Fletchius!  Welcome to Rellenk's hardware store!"
 You see here a magic marker (for sale, 50 zorkmids).
 You see here a key (for sale, 10 zorkmids).
 You see here a key (for sale, 13 zorkmids).
 You see here a key (for sale, 10 zorkmids).
 You see here a tin opener (for sale, 30 zorkmids).
 You see here a magic marker (for sale, 50 zorkmids).
 "For you, esteemed hir; only 50 zorkmids for this magic marker."
 N - a magic marker (unpaid, 50 zorkmids).
 What do you want to drop? [$a-fk-prsuwAC-GIJN or ?*] ?
 You drop an uncursed lamp (lit).
 Rellenk offers 5 gold pieces for your lamp.  Sell it? [ynaq] (n) n
 F - an uncursed lamp (lit).
 What do you want to call? [pruwCF or ?*] F
 Call a lamp: oil
 You bought a magic marker for 50 gold pieces.
 "Thank you for shopping in Rellenk's hardware store!"
 You see here a tin opener (for sale, 30 zorkmids).
 "Hello, Fletchius!  Welcome to Izchak's lighting store!"
 You see here a brass lantern (for sale, 12 zorkmids).
 The gnome lord throws a dart!
 The dart hits the hill orc.
 Really quit without saving? [yn] (n) y
 Do you want your possessions identified? [ynq] (y) q

Inventory:
 Coins    ('$')
  $ - 8 gold pieces
 Weapons  (')')
  a - a blessed +1 quarterstaff (weapon in hands)
 Armor    ('[')
  p - an uncursed +2 dwarvish iron helm (being worn)
  b - an uncursed burnt +0 cloak of magic resistance (being worn)
 Comestibles  ('%')
  E - 2 uncursed food rations
  G - an uncursed food ration
  A - an uncursed lembas wafer
  D - 2 uncursed tripe rations
  J - an uncursed lizard corpse
 Scrolls  ('?')
  w - an uncursed scroll of blank paper
  k - an uncursed scroll of create monster
 Spellbooks  ('+')
  m - an uncursed spellbook of cure sickness
  l - a blessed spellbook of force bolt
  I - an uncursed spellbook of magic mapping
 Potions  ('!')
  u - an uncursed potion of confusion
  f - an uncursed potion of speed
 Rings    ('=')
  e - an uncursed ring of cold resistance
  d - an uncursed ring of teleportation
 Wands    ('/')
  s - a wand of light (0:9)
  c - a wand of stasis (0:1)
 Tools    ('(')
  o - an uncursed tooled horn
  N - a magic marker (0:54)
  n - a magic marker (0:21)
  F - an uncursed oil lamp (lit)
  r - an uncursed skeleton key
 Gems/Stones  ('*')
  C - an uncursed jasper stone

Fletchius the Wizard's attributes:

Background:
 You were a Thaumaturge, a level 7 male elven Wizard.
 You were chaotic, on a mission for Anhur
 who was opposed by Ptah (lawful) and Thoth (neutral).
 You were right-handed.
 You were in the Gnomish Mines, on level 8.
 You entered the dungeon 3475 turns ago.
 It was nighttime.
 There was a new moon in effect when your adventure ended.
 You had 818 experience points, 462 more were needed to attain level 8.

Basics:
 You had 36 out of 48 hit points.
 You had 36 out of 63 energy points (spell power).
 Your armor class was 6.
 Your wallet contained 8 zorkmids.
 Autopickup was off.

Final Characteristics:
 Your strength was 12 (limit:18).
 Your dexterity was 12 (peak:13, limit:18).
 Your constitution was 12 (limit:16).
 Your intelligence was 18 (limit:20).
 Your wisdom was 10 (limit:20).
 Your charisma was 14 (limit:18).

Final Status:
 You weren't hungry.
 You were unencumbered.
 You were wielding a quarterstaff.
 You were skilled in quarterstaff.

Final Attributes:
 You were piously aligned.
 You were magic-protected.
 You were sleep resistant.
 You had infravision.
 You were warded.
 You survived.

Miscellaneous:
 You didn't encounter any bones levels.
 Total elapsed playing time was 2 hours, 15 minutes and 39 seconds.

Major events:
 Turn
    1: Fletchius the chaotic male elven Wizard entered the dungeon
 1073: attained the rank of Conjurer (level 3)
 1305: entered the Gnomish Mines
 2285: attained the rank of Thaumaturge (level 6)
 2309: reached Mine Town
 3475: quit

Spells:
 Name                 Level Category     Fail Retention
 force bolt             1   attack         0%   81%-90%
 cure sickness          3   healing       80%  76%-100%
 magic mapping          5   divination   100%  76%-100%

Skills:
 Fighting Skills
   bare handed combat [Unskilled]
   riding             [Unskilled]
 Weapon Skills
   dagger             [Unskilled]
   knife              [Unskilled]
   axe                [Unskilled]
   short sword        [Unskilled]
   club               [Unskilled]
   mace               [Unskilled]
   quarterstaff       [Skilled]
   polearms           [Unskilled]
   spear              [Unskilled]
   trident            [Unskilled]
   sling              [Unskilled]
   dart               [Unskilled]
   shuriken           [Unskilled]
 Spellcasting Skills
   attack spells      [Basic]
   healing spells     [Unskilled]
   divination spells  [Unskilled]
   enchantment spells [Basic]
   clerical spells    [Unskilled]
   escape spells      [Unskilled]
   matter spells      [Unskilled]

Voluntary challenges:
 Character rerolling was not enabled.
 You never genocided any monsters.
 You never polymorphed an object.
 You never changed form.
 You used no wishes.
Achievements:
 You attained the rank of Conjurer.
 You entered the Gnomish Mines.
 You attained the rank of Thaumaturge.
 You entered Minetown.
 You entered a shop.
 You entered a temple.

 The Dungeons of Doom: levels 1 to 4
    Level 1:
       A sink.
    Level 2:
       Some fountains, a sink.
    Level 3:
       A sink.
    Level 4:
       Stairs down to The Gnomish Mines.
 The Gnomish Mines: levels 5 to 8
    Level 5:
    Level 6:
    Level 7:
    Level 8: <- You were here.
       Many shops, a temple and an altar, some fountains.


Vanquished creatures:
  a chameleon
  a giant beetle
  a gnome ruler
  a lizard
  a wood nymph
  a water nymph
  5 gnome leaders
  3 gnomish wizards
  a straw golem
  5 dwarves
  6 hill orcs
  5 rothes
  5 monkeys
 an orc zombie
  2 coyotes
  2 giant rats
  a brown mold
 34 gnomes
  3 geckos
  4 jackals
  a kobold
  3 grid bugs
  2 bats
  4 lichens
  2 kobold zombies
  6 newts
101 creatures vanquished.

No species were genocided or became extinct.

Goodbye Fletchius the Wizard...

You quit in The Gnomish Mines on dungeon level 8 with 3680 points,
and 8 pieces of gold, after 3475 moves.
You were level 7 with a maximum of 48 hit points when you quit.

